 Dungeon Crawl Stone Soup version 0.25.1-2-g60ff931df9 (webtiles) character file.

Game seed: 18191171693863547436

27566 jfcaron the Slicer (level 13, -1/83 HPs)
             Began as a Kobold Assassin on Sept 26, 2020.
             Was a High Priest of Okawaru.
             Slain by a komodo dragon (24 damage)
             ... on level 6 of the Lair of Beasts.
             The game lasted 01:21:47 (23451 turns).

jfcaron the Slicer (Kobold Assassin)               Turns: 23451, Time: 01:21:48

Health: -1/83      AC:  6    Str: 13    XL:     13   Next: 66%
Magic:  20/20      EV: 21    Int: 12    God:    Okawaru [*****.]
Gold:   750        SH:  0    Dex: 17    Spells: 12/12 levels left

rFire    . . .     SeeInvis .   U - +0 rapier (venom)
rCold    . . .     Gourm    .   (shield restricted)
rNeg     . . .     Faith    .   T - +0 acid dragon scales
rPois    .         Spirit   .   M - +0 hat
rElec    .         Reflect  .   y - scarf {+Inv}
rCorr    +         Harm     .   (no gloves)
MR       +....                  (no boots)
Stlth    ++++......             w - amulet of the acrobat
HPRegen  0.23/turn              u - ring of protection from magic
MPRegen  0.17/turn              z - +4 ring of slaying

@: no status effects
A: small, carnivore
a: Heroism, Finesse, Renounce Religion, Evoke Invisibility


You were on level 6 of the Lair of Beasts.
You worshipped Okawaru.
Okawaru was extremely pleased with you.
You were not hungry.

You visited 3 branches of the dungeon, and saw 16 of its levels.
You also visited: Gauntlet and Ice Cave.

You collected 750 gold pieces.

Inventory:

Hand Weapons
 a - a +3 dagger
 b - a -1 hand crossbow
 H - the +7 falchion of Noxez {holy, *Rage +Rage rF+ MP+9}
   (You found it on level 8 of the Dungeon)

   It has been blessed by the Shining One to cause great damage to the undead
   and demons.
   It protects you from fire.
   It affects your magic capacity (+9).
   It lets you go berserk.
   It may make you go berserk in combat.
 U - a +0 rapier of venom (weapon)
Missiles
 d - 36 poisoned darts (quivered)
 p - 91 bolts
 E - a throwing net {!f}
 K - 2 curare-tipped darts {!f}
 N - 3 atropa-tipped darts {!f}
 V - 6 silver boomerangs
Armour
 x - a scarf of resistance
 y - a scarf of invisibility (worn)
 M - a +0 hat (worn)
 T - +0 acid dragon scales (worn)
 W - the +0 pair of boots of Koesajug {Harm rElec rC- Str-4 Dex+7}
   (You found it in a Gauntlet)

   It affects your strength (-4).
   It affects your dexterity (+7).
   It makes you vulnerable to cold.
   It insulates you from electricity.
   It increases damage dealt and taken.
Jewellery
 e - an uncursed ring of protection from cold
 j - an uncursed ring of positive energy
 u - a ring of protection from magic (left hand)
 w - an amulet of the acrobat (around neck)
 z - a +4 ring of slaying (right hand)
 B - an uncursed ring of fire
 J - an uncursed ring of protection from fire
 X - an uncursed ring of see invisible
 Y - the ring "Alineiko" {*Slow rPois Str+2 Stlth-}
   (You took it off a minotaur in a Gauntlet)

   [ring of attention]

   It affects your strength (+2).
   It protects you from poison.
   It may slow you when you take damage.
   It makes you less stealthy.
Wands
 s - a wand of acid (2)
 G - a wand of paralysis (4)
 I - a wand of flame (9)
 R - a wand of disintegration (3)
 S - a wand of random effects (27)
Scrolls
 c - a scroll of enchant weapon
 l - 7 scrolls of remove curse
 n - a scroll of amnesia
 o - 3 scrolls of fog
 v - 2 scrolls of fear
 D - a scroll of blinking
 F - 8 scrolls of teleportation
 L - 3 scrolls of enchant armour
 Q - a scroll of noise {unknown}
 Z - 2 scrolls of holy word
Potions
 h - a potion of brilliance
 i - 2 potions of mutation
 k - a potion of berserk rage
 m - a potion of cancellation {unknown}
 q - 4 potions of curing
 r - a potion of heal wounds {unknown}
 t - 2 potions of might
 A - a potion of magic {unknown}
 C - 2 potions of stabbing
 O - a potion of flight {unknown}
Miscellaneous
 P - a box of beasts
Comestibles
 f - 28 rations
 g - a chunk of flesh


   Skills:
 + Level 10.3 Fighting
 - Level 14.0 Short Blades
 - Level 10.0 Crossbows
 - Level 2.1 Throwing
 + Level 1.9 Armour
 + Level 10.4 Dodging
 + Level 10.6 Stealth
 - Level 10.0 Invocations
 - Level 5.0 Evocations


You had 12 spell levels left.
You didn't know any spells.
Your spell library contained the following spells:

 Spells                   Type           Power        Failure   Level  Hunger
 Foxfire                  Conj/Fire      #...         43%         1    ##.....
 Conjure Flame            Conj/Fire      #.......     82%         3    ####...
 Inner Flame              Hex/Fire       #.......     82%         3    ####...
 Sticky Flame             Conj/Fire      #.......     99%         4    #####..
 Fireball                 Conj/Fire      #.........   100%        5    ######.


Dungeon Overview and Level Annotations

Branches:
Dungeon (9/15)             Temple (1/1) D:7            Lair (6/6) D:8
  Swamp (0/4) Lair:3        Snake (0/4) Lair:4        IceCv (visited)
Gauntlet (visited)
  Slime: Lair:5-6       Orc: D:9-12

Altars:
Ashenzari
Cheibriados
Dithmenos
Elyvilon
Fedhas
Gozag
Hepliaklqana
Kikubaaqudgha
Makhleb
Nemelex Xobeh
Okawaru
Qazlal
Ru
Sif Muna
Trog
Uskayaw
Vehumet
Wu Jian
Xom
Yredelemnul
Zin
The Shining One

Shops:
D:4 %

Annotations:
D:1 maybe stuff behind some bushes
D:9 Joseph
Lair:1 exclusions: hydra and 2 more exclusions
Lair:4 2 transporters, exclusion: ice dragon, reptisaurus's ghost, journeyman CeTm
Lair:5 2 runed translucent doors, Plazmod's ghost, journeyman DECj


Innate Abilities, Weirdness & Mutations

You are small and have problems with some larger weapons.
You are carnivorous and can eat meat at any time.


Message History

You hit the komodo dragon.
The komodo dragon is poisoned.
The komodo dragon is moderately wounded.
The komodo dragon bites you!!
Your acid dragon scales prevents you from hitting the komodo dragon.
The komodo dragon is moderately wounded.
The komodo dragon completely misses you.
The komodo dragon bites you!
You see here a potion of curing.
You puncture the komodo dragon!
The komodo dragon is heavily wounded.
The komodo dragon bites you!!
* * * LOW HITPOINT WARNING * * *
You puncture the komodo dragon!
The komodo dragon looks as sick as possible!
The komodo dragon is almost dead.
You hit the komodo dragon.
The komodo dragon looks as sick as possible!
The komodo dragon is almost dead.
The komodo dragon bites you!!
You die...

#..#.P..........P#
##...#....÷......##
#................#
.................#
.............(....#
#..........≈..(...#
........≈≈≈≈((......
#......≈.l(≈≈≈((....
#.....≈≈≈.@..≈(.....
#......≈≈<.!≈≈.[(..
#.......≈≈≈≈≈.....
##.......≈≈≈.≈....
#P........≈.......
#.................
#...............#
#...............


You could see a komodo dragon (extremely poisoned).

Vanquished Creatures
  A minotaur (Gauntlet)
  2 hydras
  An oklob plant (Gauntlet)
  A necromancer (IceCv)
  3 elephants (Lair:2)
  3 black mambas
  5 ice statues (IceCv)
  8 spiny frogs
  5 komodo dragons
  2 minotaur zombies (Gauntlet)
  11 ice devils (IceCv)
  An efreet (Gauntlet)
  A wolf spider simulacrum (Gauntlet)
  A hornet (D:8)
  4 blink frogs
  A troll (D:9)
  3 hippogriffs
  A bog body (Lair:3)
  3 centaur simulacra (Gauntlet)
  15 yaks
  2 basilisks
  2 fire elementals (Gauntlet)
  Grum (D:8)
  6 wyverns
  4 swamp worms (Lair:3)
  4 nagas (Lair:4)
  2 soldier ants (D:8)
  2 acid dragons (Gauntlet)
  8 water moccasins
  A hell hound (Gauntlet)
  7 porcupines
  An ice beast (D:3)
  An orc warrior (D:6)
  2 black bears
  2 phantoms
  A sky beast (D:8)
  2 ogres
  6 wolves
  11 crocodiles
  10 bullfrogs
  A gnoll sergeant (D:6)
  A hornet simulacrum (Gauntlet)
  6 scorpions
  4 electric eels
  2 howler monkeys (D:4)
  2 jellies
  3 crimson imps
  A quasit (D:8)
  3 draconian simulacra (IceCv)
  5 hounds
  5 orc wizards
  5 orc priests
  An iguana (D:7)
  9 worker ants
  2 spriggan simulacra (IceCv)
  2 troll simulacra (IceCv)
  A hound zombie (D:5)
  10 adders
  5 gnolls (D:6)
  A naga simulacrum (IceCv)
  2 ogre simulacra (IceCv)
  An adder zombie (D:8)
  An adder skeleton (D:4)
  3 worms (D:3)
  5 leopard geckos
  18 orcs
  5 giant cockroaches
  5 goblins
  6 hobgoblins
  14 jackals
  7 kobolds
  3 bats
  2 frilled lizards (D:3)
  3 quokka skeletons
  5 rats
  2 fungi
298 creatures vanquished.

Notes
Turn   | Place    | Note
-------+----------+-------------------------------------------
     0 | D:1      | jfcaron the Kobold Assassin began the quest for the Orb.
     0 | D:1      | Reached XP level 1. HP: 12/12 MP: 1/1
   244 | D:1      | You fall into a shaft and drop 1 floor!
   272 | D:1      | Reached XP level 2. HP: 8/18 MP: 2/2
   460 | D:1      | Reached skill level 3 in Short Blades
  1223 | D:2      | Reached XP level 3. HP: 22/22 MP: 3/3
  1251 | D:2      | Found a radiant altar of Vehumet.
  1710 | D:2      | Noticed a scorpion
  1724 | D:2      | Killed a scorpion
  1724 | D:2      | Reached XP level 4. HP: 11/28 MP: 4/4
  2322 | D:3      | Noticed an ice beast
  2323 | D:3      | Reached skill level 4 in Short Blades
  2366 | D:3      | Reached XP level 5. HP: 32/32 MP: 5/5
  3306 | D:3      | Killed an ice beast
  3306 | D:3      | Reached skill level 5 in Short Blades
  3306 | D:3      | Reached XP level 6. HP: 37/37 MP: 6/6
  4166 | D:4      | Found Wauluxee's Food Boutique.
  4336 | D:4      | Reached skill level 6 in Short Blades
  4343 | D:4      | Reached XP level 7. HP: 41/41 MP: 7/7
  4633 | D:3      | Reached skill level 7 in Short Blades
  5256 | D:5      | Entered Level 5 of the Dungeon
  5301 | D:5      | Found an ancient bone altar of Kikubaaqudgha.
  5453 | D:5      | Reached XP level 8. HP: 46/46 MP: 8/8
  5482 | D:5      | Reached skill level 8 in Short Blades
  5743 | D:5      | Reached skill level 10 in Stealth
  5899 | D:5      | Reached skill level 9 in Short Blades
  6622 | D:6      | Reached skill level 10 in Short Blades
  7704 | D:6      | Reached XP level 9. HP: 53/53 MP: 9/9
  7899 | D:7      | Found a staircase to the Ecumenical Temple.
  7904 | Temple   | Entered the Ecumenical Temple
  7988 | Temple   | Became a worshipper of Warmaster Okawaru
  8109 | D:7      | Reached skill level 5 in Fighting
  8176 | D:7      | Reached skill level 1 in Crossbows
  8537 | D:7      | Found a shimmering blue altar of Sif Muna.
  8654 | D:8      | Got a crystal falchion
  8656 | D:8      | Found a radiant altar of Vehumet.
  8662 | D:8      | Identified the +7 falchion of Noxez {holy, *Rage +Rage rF+
                  | MP+9} (You found it on level 8 of the Dungeon)
  8782 | D:8      | Noticed a hornet
  8798 | D:8      | Killed a hornet
  8798 | D:8      | Reached * piety under Okawaru
  8798 | D:8      | Reached skill level 5 in Dodging
  8943 | D:8      | Found a staircase to the Lair.
  9167 | D:8      | Noticed Grum
  9197 | D:8      | Killed Grum
  9200 | D:8      | Reached XP level 10. HP: 20/63 MP: 10/10
  9512 | D:8      | Reached skill level 5 in Crossbows
  9685 | D:8      | Reached ** piety under Okawaru
  9894 | D:9      | Noticed Joseph
  9944 | Lair:1   | Entered Level 1 of the Lair of Beasts
 10138 | Lair:1   | Reached skill level 1 in Invocations
 10334 | Lair:1   | Noticed a seven-headed hydra
 10401 | Lair:1   | Noticed a black mamba
 10409 | Lair:1   | Killed a black mamba
 10409 | Lair:1   | Reached *** piety under Okawaru
 10452 | Lair:1   | Received a gift from Okawaru
 10874 | Lair:1   | Reached XP level 11. HP: 28/69 MP: 11/13
 10877 | Lair:1   | Reached **** piety under Okawaru
 11535 | Lair:2   | Found a gate leading to a gauntlet.
 11535 | Lair:2   | Noticed an elephant
 11535 | Lair:2   | Noticed an elephant
 11544 | Lair:2   | Noticed an elephant
 11560 | Gauntlet | Entered a Gauntlet
 11560 | Gauntlet | Found a transporter.
 11560 | Gauntlet | Found a transporter.
 11711 | Gauntlet | Found a transporter.
 11714 | Gauntlet | Found a transporter.
 11715 | Gauntlet | Noticed an oklob plant
 11728 | Gauntlet | Found a transporter.
 11731 | Gauntlet | Found a transporter.
 11749 | Gauntlet | Found a transporter.
 11760 | Gauntlet | Noticed an orange crystal statue
 11763 | Gauntlet | Found a transporter.
 11768 | Gauntlet | Found a transporter.
 11771 | Gauntlet | Found a transporter.
 11772 | Gauntlet | Noticed a death scarab
 11777 | Gauntlet | Noticed a spectral death yak
 11780 | Gauntlet | Found a transporter.
 11783 | Gauntlet | Found a transporter.
 12063 | Gauntlet | Killed an oklob plant
 12490 | Gauntlet | Reached skill level 5 in Invocations
 12527 | Gauntlet | Received a gift from Okawaru
 12528 | Gauntlet | Got a pair of bloodstained boots
 12714 | Gauntlet | Identified the +0 pair of boots of Koesajug {Harm rElec rC-
                  | Str-4 Dex+7} (You found it in a Gauntlet)
 12763 | Gauntlet | Identified the ring "Alineiko" {*Slow rPois Str+2 Stlth-}
 12763 | Gauntlet | Noticed a minotaur
 12777 | Gauntlet | Killed a minotaur
 12777 | Gauntlet | Reached ***** piety under Okawaru
 12786 | Gauntlet | Received a gift from Okawaru
 13172 | Lair:2   | Reached skill level 10 in Fighting
 13331 | Lair:2   | Noticed a six-headed hydra
 13336 | Lair:2   | Killed a six-headed hydra
 13336 | Lair:2   | Received a gift from Okawaru
 13336 | Lair:2   | Reached skill level 10 in Dodging
 13336 | Lair:2   | Reached skill level 1 in Evocations
 13466 | Lair:2   | Reached XP level 12. HP: 23/77 MP: 16/16
 13799 | Lair:2   | Reached skill level 10 in Crossbows
 14477 | Lair:2   | Reached skill level 5 in Evocations
 15284 | Lair:3   | Found a frozen archway.
 15301 | IceCv    | Entered an ice cave
 15946 | IceCv    | Reached skill level 11 in Short Blades
 17986 | IceCv    | Reached skill level 12 in Short Blades
 18119 | IceCv    | Reached XP level 13. HP: 82/82 MP: 19/19
 18313 | IceCv    | Got a twisted flail
 19124 | Lair:3   | Found a staircase to the Swamp.
 19725 | Lair:4   | Noticed a five-headed hydra
 20008 | Lair:4   | Reached skill level 10 in Invocations
 20020 | Lair:4   | Noticed an ice dragon
 20049 | Lair:4   | Noticed a five-headed hydra
 20074 | Lair:4   | Killed a five-headed hydra
 20074 | Lair:4   | Received a gift from Okawaru
 20074 | Lair:4   | Reached skill level 13 in Short Blades
 20506 | Lair:4   | Found a staircase to the Snake Pit.
 20694 | Lair:4   | Found a transporter.
 20726 | Lair:4   | Reached ****** piety under Okawaru
 20726 | Lair:4   | Received a gift from Okawaru
 20729 | Lair:4   | Reached skill level 14 in Short Blades
 20815 | Lair:4   | Noticed a four-headed hydra
 20822 | Lair:4   | Found a transporter.
 21136 | Lair:4   | Noticed reptisaurus's ghost (journeyman CeTm)
 21589 | Lair:5   | Reached skill level 1 in Armour
 22035 | Lair:5   | Found a large runed translucent door.
 22035 | Lair:5   | Found a large runed translucent door.
 22037 | Lair:5   | Noticed Plazmod's ghost (journeyman DECj)
 22765 | Lair:6   | Entered Level 6 of the Lair of Beasts
 23451 | Lair:6   | Slain by a komodo dragon

Illustrated notes

Levels and vault maps discovered:
D:1:      lightli_iron_boxes, layout_rooms, serial_forest,
          infiniplex_forest_straight_2, infiniplex_forest_end_2,
          infiniplex_forest_clump_small, infiniplex_forest_straight_3,
          infiniplex_forest_clump_long, infiniplex_forest_clump_small,
          infiniplex_forest_end_1, infiniplex_forest_clump_tiny
D:2:      layout_loops_ring, old_standard_altar, hangedman_decor_riveting
D:3:      layout_loops_cross, first_ration
D:4:      layout_basic, serial_shops, shop, minmay_circle_x
D:5:      layout_basic, basic_altar
D:6:      layout_basic, chequers_serial_rivers_small_b
D:7:      layout_rooms, minmay_temple_entry_arrows, serial_glass,
          glass_columns_a, glass_columns_b, tgw_sif
D:8:      layout_rooms, dpeg_oklobed_lair, basic_altar,
          chequers_serial_rivers_micro_a, hangedman_pestilent_swarm, uniq_grum
D:9:      layout_roguey, uniq_pikel, uniq_joseph
Temple:   minmay_crystal_snake_temple
Lair:1:   layout_cave_pods, serial_rivers, chequers_serial_rivers_micro_e,
          chequers_serial_rivers_micro_c, chequers_serial_rivers_micro_e,
          chequers_serial_rivers_micro_b, st_stairs_10
Lair:2:   layout_hall_layers, gauntlet_entry_generic
Lair:3:   layout_loops_ring, nicolae_swamp_entry_splash_gauntlet,
          portal_ice_cave_entry_pillars_1, beast_lair_carwin_8,
          grunt_megastairs_4
Lair:4:   dragon1_lemuel, layout_regular_city,
          minmay_snake_entry_guardpost_small, gammafunk_ghost_arena
Lair:5:   layout_hall_layers, ebering_ghost_disaster_area, beast_lair_carwin_1
Lair:6:   minmay_lair_end_enchanted_forest, layout_big_grid,
          minmay_slime_entry_pillars, disabler_island

Skill      XL: |  1  2  3  4  5  6  7  8  9 10 11 12 13 |
---------------+----------------------------------------+-----
Short Blades   | 3 4 5 6 7 10 12 14 | 14.0
Dodging        | 2 3 6 8 10 | 10.4
Fighting       | 3 4 7 8 10 | 10.3
Stealth        | 6 7 8 9 10 | 10.6
Crossbows      | 4 7 9 10 | 10.0
Invocations    | 3 5 9 10 | 10.0
Evocations     | 2 5 |  5.0
Armour         | 1 |  1.9
Throwing       | |  2.1

Action                   |  1- 3 |  4- 6 |  7- 9 | 10-12 | 13-15 || total
-------------------------+-------+-------+-------+-------+-------++-------
Melee: Dagger            |   143 |   178 |   210 |   287 |   176 ||   994
       Falchion          |       |       |     1 |    23 |       ||    24
       Punch             |       |       |       |     1 |     3 ||     4
       Rapier            |       |       |       |    68 |    56 ||   124
       Scimitar          |       |       |       |    90 |     8 ||    98
 Fire: Hand crossbow     |       |       |       |    85 |    60 ||   145
Throw: Dart              |    14 |    23 |   123 |    60 |    21 ||   241
       Stone             |       |    40 |    66 |     1 |       ||   107
       Boomerang         |       |       |       |    18 |     1 ||    19
Invok: Heroism           |       |       |       |     4 |     3 ||     7
 Abil: Evoke Invisibilit |       |       |       |     2 |     7 ||     9
Evoke: Wand              |       |     2 |     1 |    27 |    12 ||    42
       Box of beasts     |       |       |       |     1 |       ||     1
  Use: Scroll            |       |     7 |     7 |    10 |     3 ||    27
       Potion            |       |       |       |     2 |       ||     2
 Stab: Sleeping          |     2 |    17 |     9 |    24 |    15 ||    67
       Paralysed         |       |       |       |     3 |       ||     3
       Invisible         |       |       |       |     6 |    11 ||    17
       Distracted        |       |       |       |     3 |     1 ||     4
  Eat: Chunk             |    11 |     8 |    15 |    19 |    22 ||    75
       Ration            |       |       |       |     1 |       ||     1
Armor: Robe              |    11 |    12 |    10 |     4 |       ||    37
       Acid dragon scale |       |       |       |    35 |    13 ||    48
Dodge: Dodged            |    35 |    73 |   118 |   332 |   138 ||   696
       Rpst.: Scimitar   |       |       |       |    18 |       ||    18
       Falchion          |       |       |       |     3 |       ||     3
